 Dungeon Crawl Stone Soup version 0.29-a0-234-g0dae59b3db (webtiles) character file.

Game seed: 5970741027146609005

805 bande the Covered (level 7, -4/44 HPs)
             Began as a Gargoyle Fighter on Mar 4, 2022.
             Was a Follower of Okawaru.
             Slain by a two-headed ogre
             ... wielding a +0 giant club
              (9 damage)
             ... on level 6 of the Dungeon.
             The game lasted 00:08:22 (7633 turns).

bande the Covered (Gargoyle Fighter)                Turns: 7633, Time: 00:08:22

Health: -4/44      AC: 12    Str: 19    XL:     7   Next: 91%
Magic:  8/8        EV:  9    Int:  9    God:    Okawaru [*.....]
Gold:   1228       SH:  4    Dex: 11    Spells: 6/6 levels left

rFire   + . .      SeeInvis .   a - +1 war axe
rCold   + . .      Faith    .   c - +0 buckler
rNeg    + . .      Spirit   .   b - +0 scale mail
rPois   ∞          Reflect  .   (no helmet)
rElec   +          Harm     .   s - scarf {rC+ rF+}
rCorr   .          Rampage  .   (no gloves)
Will    .....                   (no boots)
Stlth   ..........              (no amulet)
HPRegen 0.14/turn               p - ring of flight
MPRegen 0.11/turn               (no ring)

@: mighty, flying
A: sickness immunity, AC +4, negative energy resistance 1, electricity
resistance, torment resistance 1, petrification resistance
a: Renounce Religion, Heroism


You were on level 6 of the Dungeon.
You worshipped Okawaru.
Okawaru was aware of your devotion.
You visited 2 branches of the dungeon, and saw 7 of its levels.

You collected 1228 gold pieces.

Inventory:

Hand Weapons
 a - a +1 war axe (weapon)
 f - a +0 flail
Missiles
 i - a throwing net (quivered)
Armour
 b - a +0 scale mail (worn)
 c - a +0 buckler (worn)
 s - a scarf of resistance (worn)
Jewellery
 p - a ring of flight (left hand)
Wands
 r - a wand of acid (7)
Potions
 e - a potion of attraction {unknown}
 g - 3 potions of flight
 h - a potion of curing
 j - 2 potions of magic
 k - a potion of invisibility {unknown}
 l - a potion of resistance {unknown}
 m - a potion of heal wounds {unknown}
 n - a potion of cancellation {unknown}
 o - a potion of lignification {unknown}
 q - a potion of brilliance {unknown}


   Skills:
 + Level 4.8 Fighting
 + Level 4.9 Axes
 + Level 5.3 Armour
 + Level 4.2 Shields
 * Level 2.4 Invocations
 * Level 2.4 Evocations


You had 6 spell levels left.
You didn't know any spells.
Your spell library contained the following spells:

 Spells                   Type           Power      Damage    Failure   Level
 Foxfire                  Conj/Fire      0%         2x1d4     83%         1
 Confusing Touch          Hex            0%         N/A       99%         3
 Conjure Flame            Conj/Fire      0%         6-21      99%         3
 Inner Flame              Hex/Fire       0%         N/A       99%         3
 Ozocubu's Armour         Ice            0%         N/A       99%         3
 Flame Wave               Conj/Fire      0%         2d4       100%        4
 Metabolic Englaciation   Hex/Ice        0%         N/A       100%        5
 Yara's Violent Unravell  Hex/Tmut       0%         3d3       100%        5
 Enfeeble                 Hex            0%         N/A       100%        7
 Simulacrum               Ice/Necr       Unusable   N/A       N/A         6

Dungeon Overview and Level Annotations

Branches:
Dungeon (6/15)             Temple (1/1) D:4

Altars:
Ashenzari
Cheibriados
Gozag
Hepliaklqana
Okawaru
Ru
Sif Muna
Vehumet
Xom


Innate Abilities, Weirdness & Mutations

You are immune to sickness and miasma.
Your stone body is resilient. (AC +4)
You are immune to poison.
You resist negative energy. (rN+)
You are resistant to electric shocks. (rElec)
You are resistant to unholy torment.
You are immune to petrification.


Message History

The adder is almost dead.
The adder bites you but does no damage.
You hit the adder.
You kill the adder!
Okawaru accepts your kill.
No target in view!
No target in view!
No target in view!
No target in view!
No target in view!
Done exploring.
Done exploring.
No target in view!
Done exploring.
Done exploring.
There is a stone staircase leading down here.
You fly downwards.
There is a stone staircase leading up here.
A two-headed ogre comes into view. It is wielding two +0 giant clubs.
A two-headed ogre is nearby!
There is a stone staircase leading up here.
You feel very mighty all of a sudden.
You hit the two-headed ogre.
The two-headed ogre is lightly wounded.
You block the two-headed ogre's attack.
The two-headed ogre hits you but does no damage.
You slash the two-headed ogre!
The two-headed ogre is moderately wounded.
The two-headed ogre hits you with a +0 giant club!!
Ouch! That really hurt!
You block the two-headed ogre's attack.
You hit the two-headed ogre.
The two-headed ogre is moderately wounded.
The two-headed ogre hits you with a +0 giant club!
* * * LOW HITPOINT WARNING * * *
The two-headed ogre closely misses you.
You slash the two-headed ogre!
The two-headed ogre is moderately wounded.
The two-headed ogre hits you with a +0 giant club!
You die...

.## ..# #.# ### #.#
##.###.### .##
####...#....#####....#
+.....................
##.....#..#.##........
#.#.@O...#.##.##.#.#.
#.#.#.##.##.# #
#.#.#....##.#
....#######.# ##.###
#.# #. #.. .. ###


You could see a two-headed ogre.

Vanquished Creatures
  A sky beast (D:5)
  A phantom (D:5)
  A necrophage (D:4)
  5 hounds
  3 iguanas (D:5)
  5 orc wizards
  7 gnolls
  6 adders
  3 worms
  A dart slug (D:4)
  10 orcs
  8 ball pythons
  6 endoplasms
  3 giant cockroaches
  8 goblins
  6 hobgoblins
  9 jackals
  3 quokkas
  2 bats
  5 frilled lizards
  2 kobolds
  5 rats
100 creatures vanquished.

Notes
Turn   | Place    | Note
-------+----------+-------------------------------------------
     0 | D:1      | bande the Gargoyle Fighter began the quest for the Orb.
     0 | D:1      | Reached XP level 1. HP: 14/14 MP: 1/1
   112 | D:1      | Reached XP level 2. HP: 17/19 MP: 2/2
   437 | D:1      | Reached XP level 3. HP: 24/24 MP: 3/3
  1113 | D:2      | Reached XP level 4. HP: 22/29 MP: 4/4
  1734 | D:2      | Found a snail-covered altar of Cheibriados.
  2373 | D:3      | Reached skill level 4 in Armour
  2469 | D:3      | Reached XP level 5. HP: 22/33 MP: 5/5
  3371 | D:4      | Found a staircase to the Ecumenical Temple.
  3377 | D:4      | Reached skill level 1 in Evocations
  3377 | D:4      | Reached XP level 6. HP: 29/38 MP: 6/6
  3510 | Temple   | Entered the Ecumenical Temple
  3548 | Temple   | Became a worshipper of Warmaster Okawaru
  4700 | D:5      | Entered Level 5 of the Dungeon
  4719 | D:5      | Reached skill level 1 in Invocations
  5473 | D:5      | Reached XP level 7. HP: 38/44 MP: 6/8
  5576 | D:5      | Reached skill level 5 in Armour
  6150 | D:5      | Reached * piety under Okawaru
  7309 | D:5      | Found a broken altar of Ashenzari.
  7310 | D:5      | Found a shimmering altar of Xom.
  7389 | D:5      | Identified a scroll of acquirement
  7389 | D:5      | Acquired 1013 gold pieces
  7616 | D:6      | Noticed a two-headed ogre
  7633 | D:6      | Slain by a two-headed ogre

Illustrated notes

Levels and vault maps discovered:
D:1:      roderic_octagonal_star, layout_rooms
D:2:      layout_basic, basic_altar
D:3:      layout_basic
D:4:      layout_basic, minmay_temple_entry_purple_smoke, minmay_vboxes
D:5:      layout_layer_cave, gammafunk_temple_overflow_statue
D:6:      layout_loops_corners, nrook_mini_vaults
Temple:   mainiacjoe_temple_bowtie_tessellation

Skill      XL: |  1  2  3  4  5  6  7 |
---------------+----------------------+-----
Axes           | 2 3 4 |  4.9
Armour         | 4 5 |  5.3
Fighting       | 4 |  4.8
Shields        | 4 |  4.2
Evocations     | 1 2 |  2.4
Invocations    | 1 2 |  2.4

Action                   |  1- 3 |  4- 6 |  7- 9 || total
-------------------------+-------+-------+-------++-------
Melee: War axe           |    68 |   185 |   103 ||   356
  Use: Scroll            |     2 |     8 |     4 ||    14
       Potion            |       |       |     2 ||     2
Armor: Scale mail        |    42 |   107 |    44 ||   193
Dodge: Dodged            |    60 |    63 |    47 ||   170
Block: Buckler           |    20 |    34 |    28 ||    82

Table legend: (Time is in decaauts)
 A = Elapsed time spent in this place.
 B = Non-inter-level travel time spent in this place.
 C = Inter-level travel time spent in this place.
 D = Time resting spent in this place.
 E = Time spent auto-exploring this place.
 F = Levels seen in this place.
 G = Mean time per level.
                   A        B        C        D        E       F      G
               +--------+--------+--------+--------+--------+-----+--------+
         Total |   7765 |   7560 |    205 |   1849 |   4532 |   7 | 1109.3 |
       Dungeon |   7701 |   7496 |    205 |   1849 |   4502 |   6 | 1283.5 |
        Temple |     63 |     63 |      0 |      0 |     30 |   1 |   63.0 |
               +--------+--------+--------+--------+--------+-----+--------+

Top non-repeatable levels by time:
     D:5: 2642 daAuts
     D:4: 1724 daAuts
     D:1: 1307 daAuts
     D:3: 1040 daAuts
     D:2: 957 daAuts
  Temple: 63 daAuts
     D:6: 29 daAuts
